 Dungeon Crawl Stone Soup version 0.19.1 (webtiles) character file.

25 Gargoyl the Skirmisher (level 2, 0/26 HPs)
             Began as a Draconian Abyssal Knight on Dec 1, 2016.
             Was a Follower of Lugonu.
             Slain by an adder (1 damage)
             ... on level 2 of the Dungeon.
             The game lasted 00:01:56 (1058 turns).

Gargoyl the Skirmisher (Draconian Abyssal Knight)   Turns: 1058, Time: 00:01:56

Health: 0/26       AC:  4    Str: 14    XL:     2   Next: 82%
Magic:  3/3        EV: 12    Int: 12    God:    Lugonu [*.....]
Gold:   79         SH:  0    Dex: 10    Spells: 0 memorised, 1 level left

rFire  . . .     SeeInvis .     a - +1 hand axe
rCold  . . .     Gourm    .     (armour unavailable)
rNeg   . . .     Faith    .     (no shield)
rPois  .         Spirit   .     (helmet restricted)
rElec  .         Reflect  .     (no cloak)
rCorr  .         Harm     .     (no gloves)
MR     .....                    (no boots)
Stlth  +.........               (no amulet)
                                (no ring)
                                (no ring)

@: lethally poisoned (0 -> -14)
A: unfitting armour, cold-blooded, AC +4
a: Depart the Abyss, Renounce Religion


You were on level 2 of the Dungeon.
You worshipped Lugonu.
Lugonu was aware of your devotion.
You were hungry.

You visited 1 branch of the dungeon, and saw 2 of its levels.
You visited the Abyss 1 time.

You collected 79 gold pieces.

Inventory:

Hand Weapons
 a - a +1 hand axe (weapon)
Scrolls
 d - a scroll of identify {unknown}
 e - a scroll of blinking {unknown}
Miscellaneous
 c - a sack of spiders
Comestibles
 b - a bread ration


   Skills:
 + Level 3.6 Fighting
 + Level 2.4 Axes
 * Level 2.5 Dodging
 + Level 0.4 Stealth
 * Level 2.1 Invocations


You had one spell level left.
You didn't know any spells.

Dungeon Overview and Level Annotations

Branches:
Dungeon (2/15)

Altars:


Innate Abilities, Weirdness & Mutations

Your plain brown scales are hard. (AC +4)
You cannot fit into any form of body armour.
You are cold-blooded and may be slowed by cold attacks.


Message History

The adder is almost dead.
The gnoll shouts!
You hit the hobgoblin but do no damage. You hit the giant cockroach.
You kill the giant cockroach!
Lugonu accepts your kill. The adder bites you.
* * * LOW HITPOINT WARNING * * *
You are lethally poisoned!
The adder poisons you! The hobgoblin closely misses you.
You barely miss the adder.
The adder is almost dead.
You hit the hobgoblin.
You kill the hobgoblin!
Lugonu accepts your kill.
* * * LOW HITPOINT WARNING * * *
You feel sick. The adder bites you.
* * * LOW HITPOINT WARNING * * *
You are more poisoned.
The adder poisons you! The adder bites you.
You die...

....... ## ....... ....
..[..<. #####....
......g ####........
....... ..........
....... ##.......#
......)####.$......#
#.S@#(.........#
##†).(#.#.....##
#>............#
.................#
...%..............#####
...........#...........<
........................
...###.###.###.##.......
... #. #.# #..........


You could see a gnoll and an adder.

Vanquished Creatures
  A dart slug (D:1)
  A giant cockroach (D:2)
  5 goblins
  3 hobgoblins
  4 bats
  A frilled lizard (D:1)
  5 kobolds
  A rat (D:1)
21 creatures vanquished.

Notes
Turn   | Place    | Note
-------+----------+-------------------------------------------
     0 | Abyss:1  | Gargoyl the Draconian Abyssal Knight began the quest for the Orb.
     0 | Abyss:1  | Reached XP level 1. HP: 19/19 MP: 2/2
    95 | Abyss:3  | Noticed a fire elemental
    95 | D:1      | Escaped the Abyss
    95 | D:1      | Noticed an iron dragon
    95 | D:1      | Noticed an orb of fire
    96 | D:1      | Noticed a purple draconian
   101 | D:1      | Noticed an iron dragon
   102 | D:1      | Noticed a green draconian
   103 | D:1      | Noticed a white draconian
   104 | D:1      | Noticed a shadow dragon
   106 | D:1      | Noticed an orb of fire
   106 | D:1      | Noticed an orb of fire
   108 | D:1      | Noticed an orb of fire
   109 | D:1      | Noticed an ice dragon
   110 | D:1      | Noticed a white draconian
   112 | D:1      | Noticed a large abomination
   112 | D:1      | Noticed a shadow dragon
   114 | D:1      | Noticed a tentacled monstrosity
   114 | D:1      | Noticed a tentacled monstrosity
   116 | D:1      | Noticed a shadow dragon
   375 | D:1      | Reached * piety under Lugonu
   375 | D:1      | Reached XP level 2. HP: 26/26 MP: 3/3
  1058 | D:2      | HP: 1/26 [adder (2)]
  1058 | D:2      | Slain by an adder

Action                   || total
-------------------------++-------
Melee: Hand axe          ||    68
       Tailslap          ||     8
Invok: Depart the Abyss  ||     1
  Use: Potion            ||     2
 Stab: Sleeping          ||     2
Armor: Skin              ||    37
Dodge: Dodged            ||    78
